 Dungeon Crawl Stone Soup version 0.31.0-11-ge490571c62 (webtiles) character file.

Game seed: 15250886681430399209

28 qw the Shooter (level 3, 0/18 HPs)
             Began as a Spriggan Hunter on Feb 5, 2024.
             Slain by a ball python (1 damage)
             ... on level 2 of the Dungeon.
             The game lasted 00:00:02 (728 turns).

qw the Shooter (Spriggan Hunter)                     Turns: 728, Time: 00:00:02

Health: 0/18       AC:  2    Str:  7    XL:     3   Next: 0%
Magic:  4/4        EV: 16    Int: 10    God:
Gold:   56         SH:  0    Dex: 20    Spells: 2/2 levels left

rFire   . . .        d - +4 arbalest (flame)
rCold   . . .        (shield currently unavailable)
rNeg    . . .        c - +0 robe
rPois   .            (helmet restricted)
rElec   .            (no cloak)
rCorr   .            (gloves unavailable)
SInv    +            (boots unavailable)
Will    .....        (no amulet)
Stlth   ++           (no ring)
HPRegen 0.23/turn    (no ring)
MPRegen 0.09/turn

%: no passive effects
@: constricted, very quick
A: very small, no large weapons, unfitting armour, see invisible, speed 3
a: no special abilities


You were on level 2 of the Dungeon.
You visited 1 branch of the dungeon, and saw 2 of its levels.

You collected 56 gold pieces.


Innate Abilities, Weirdness & Mutations

You are very small and have problems with some larger weapons.
You are too small for most types of armour.
You have supernaturally acute eyesight. (SInv)
You cover ground extremely quickly. (Speed+++)


   Skills:
 - Level 1.5 Fighting
 + Level 4.4 Ranged Weapons
 - Level 4.0 Dodging
 - Level 1.5 Stealth


You had 2 spell levels left.
You didn't know any spells.
Your spell library was empty.

Inventory:

Hand Weapons
 d - a +4 arbalest of flaming (weapon)
Armour
 c - a +0 robe (worn)
Potions
 e - a potion of might {unknown}

Dungeon Overview and Level Annotations

Branches:
Dungeon (2/15)

Altars:


Message History

Waypoint 1 assigned to D:2.
You shoot a bolt. The bolt hits the hobgoblin.
The bolt burns the hobgoblin.
The hobgoblin shouts!
The hobgoblin is severely wounded.
You hear a shout!
A bat comes into view.
You shoot a bolt. The bolt hits the bat!!
The bolt burns the bat.
You kill the bat!
You shoot a bolt. The bolt barely misses the hobgoblin.
The bolt hits the kobold!
The bolt burns the kobold.
You kill the kobold!
The bat closely misses you. The hobgoblin misses you.
A ribbon worm comes into view.
The hobgoblin completely misses you.
You shoot a bolt. The bolt hits the hobgoblin!!
The bolt burns the hobgoblin.
You kill the hobgoblin!
The bat hits you.
A hobgoblin comes into view.
The goblin misses you.
A ball python comes into view.
You shoot a bolt. The bolt hits the bat!
The bolt burns the bat.
You kill the bat!
The goblin hits you with a +0 dagger. x2
You have reached level 3!
Your experience leads to an increase in your attributes!
Increase (S)trength, (I)ntelligence, or (D)exterity?
You feel agile. x2
You shoot a bolt. The bolt barely misses the ribbon worm.
The bolt barely misses the ball python.
The ribbon worm barely misses you. The goblin hits you but does no damage.
The ribbon worm bites you. The goblin completely misses you.
The hobgoblin completely misses you. The ball python completely misses you.
The ball python misses you.
You shoot a bolt. The bolt hits the ribbon worm!
The bolt burns the ribbon worm.
The ribbon worm is heavily wounded.
The ball python barely misses you. The ball python grabs you.
The ball python constricts you. The hobgoblin completely misses you.
The goblin closely misses you. The ribbon worm bites you!
The ball python bites you.
You die...

####### #.....#
#.....# #.....#
#^....# #..@g%#
......gwS..[#
#####..).(#....
#.[..## #..
#..... .
#...##$ ###.. .
##. #


You could see a ribbon worm, a hobgoblin, a goblin and a ball python.

Vanquished Creatures
  5 bats
  An endoplasm (D:1)
  4 goblins (D:1)
  2 hobgoblins
  3 jackals (D:1)
  4 kobolds
  A ball python (D:1)
  A frilled lizard (D:1)
  4 rats (D:1)
25 creatures vanquished.

Notes
Turn   | Place    | Note
-------+----------+-------------------------------------------
     0 | D:1      | qw the Spriggan Hunter began the quest for the Orb.
     0 | D:1      | Reached XP level 1. HP: 10/10 MP: 2/2
     0 | D:1      | 0 ||| qw: Version: 0.3-a-160-g6735b56
     0 | D:1      | 0 ||| qw: Game counter: 6138
     0 | D:1      | 0 ||| qw: Melee chars always use a shield: true
     0 | D:1      | 0 ||| qw: God list: Okawaru
     0 | D:1      | 0 ||| qw: Allow faded altars: false
     0 | D:1      | 0 ||| qw: Do Orc after clearing Dungeon:15 true
     0 | D:1      | 0 ||| qw: Do second Lair branch before Depths: true
     0 | D:1      | 0 ||| qw: Lair rune preference: random
     0 | D:1      | 0 ||| qw: Goals: Normal
     0 | D:1      | 0 ||| PLANNING D:1-11
    65 | D:1      | Reached skill level 3 in Dodging
   128 | D:1      | Reached XP level 2. HP: 14/14 MP: 3/3
   575 | D:1      | 575 ||| READING scroll labelled OTEORITORPH.
   575 | D:1      | Identified a scroll of acquirement
   575 | D:1      | 575 ||| ACQUIRING +4 arbalest of flaming
   575 | D:1      | Acquired a +4 arbalest of flaming
   577 | D:1      | 577 ||| SWAPPING to +4 arbalest of flaming.
   578 | D:1      | 578 ||| DROPPING +0 shortbow.
   579 | D:1      | 579 ||| READING scroll labelled TOISIA RAOWKAO.
   680 | D:1      | 680 ||| DROPPING scroll of butterflies.
   727 | D:2      | Reached XP level 3. HP: 13/18 MP: 4/4
   728 | D:2      | HP: 1/18 [ribbon worm (7)]
   728 | D:2      | Slain by a ball python

Levels and vault maps discovered:
D:1:      amcnicky_arrival_blooded_trapdoor, layout_loops_cross
D:2:      kennysheep_the_goblin_king, layout_rooms, basic_altar,
          shapermc_ecumenical_altar_hornbeckon, minmay_tromino_v4_a

Skill      XL: |  1  2 |
---------------+-------+-----
Dodging        | 3 4 |  4.0
Fighting       | |  1.5
Ranged Weapons | |  4.4
Stealth        | |  1.5

Action                     || total
---------------------------++-------
   Fire: Shortbow          ||    47
         Arbalest          ||     7
    Use: Scroll            ||     2
 Armour: Robe              ||    14
  Dodge: Dodged            ||    29

Table legend:
 A = Non-vault XP
 B = Vault XP
 C = Vault XP percentage of total XP
 D = Non-vault monster count
 E = Vault monster count
 F = Vault count percentage of total count
                 A         B        C        D         E       F
            +---------+---------+-------+---------+---------+-------
      Total |      37 |       4 |   9.8 |      23 |       2 |   8.0
            +---------+---------+-------+---------+---------+-------
        D:1 |      33 |       0 |   0.0 |      21 |       0 |   0.0
        D:2 |       4 |       4 |  50.0 |       2 |       2 |  50.0
            +---------+---------+-------+---------+---------+-------
